[Event "Titled Tuesday Blitz February 22 Late 2022"]
[White "Bauer, Thomas"]
[Black "Stanisz, Patryk"]
[WhiteFideId "1639293"]
[BlackFideId "1123106"]
[WhiteElo "2220"]
[BlackElo "1876"]
[Result "1-0"]
[Round "10"]
[TimeControl "180+1"]
[Date "2022.02.23"]
[WhiteClock "0:00:17"]
[BlackClock "0:00:01"]

1. e4 c5 2. b3 Nc6 3. Bb2 d6 4. f4 Nf6 5. Nc3 g6 6. Bb5 Bg7 7. Nf3 Nxe4 8. Qe2 Nxc3 9. dxc3 O-O 10. O-O-O Qa5 11. Bc4 Bxc3 12. Ng5 Nd4 13. Qe3 Bxb2+ 14. Kxb2 b5 15. Bd5 Rb8 16. c3 Qa3+ 17. Kb1 Bf5+ 18. Be4 Bxe4+ 19. Nxe4 Nf5 20. Qh3 a5 21. g4 a4 22. gxf5 axb3 23. Rd2 Ra8 24. axb3 Qa1+ 25. Kc2 Qxh1 26. Ng5 Ra2+ 27. Kd3 Rxd2+ 28. Kxd2 h5 29. fxg6 fxg6 30. Qe6+ Kh8 31. Qxg6 Qxh2+ 32. Kd3 Qg3+ 33. Ke2 Qg2+ 34. Ke3 Qg3+ 35. Ke4 Qg2+ 36. Kd3 Qg3+ 37. Kc2 Qf2+ 38. Kc1 1-0


[Site "https://www.chess.com"]

[Event "Titled Tuesday Blitz February 22 Late 2022"]
[White "Berdychevskaya, Natasha"]
[Black "Vargas Pereda, Jesus Manue"]
[WhiteFideId "4159322"]
[BlackFideId "5115710"]
[WhiteElo "1780"]
[BlackElo "1760"]
[Result "1-0"]
[Round "10"]
[TimeControl "180+1"]
[Date "2022.02.23"]
[WhiteClock "0:00:17"]
[BlackClock "0:00:22"]

1. Nf3 Nf6 2. g3 g6 3. Bg2 Bg7 4. O-O O-O 5. d4 d6 6. c4 Nbd7 7. Nc3 e5 8. e3 exd4 9. exd4 Re8 10. Bf4 Nh5 11. Be3 Nhf6 12. Rc1 c6 13. Re1 Nf8 14. Qb3 Qb6 15. Qxb6 axb6 16. Bf4 Rxe1+ 17. Rxe1 Be6 18. b3 d5 19. Ne5 dxc4 20. bxc4 Nh5 21. d5 Nxf4 22. gxf4 cxd5 23. cxd5 Bf5 24. d6 Nd7 25. Bxb7 Ra3 26. Nd5 Nxe5 27. fxe5 Rxa2 28. Ne7+ Kf8 29. Nxf5 gxf5 30. Rd1 Ke8 31. f4 Kd7 32. Bd5 Rb2 33. Bxf7 Bh6 34. e6+ Kc6 35. e7 Bxf4 36. e8=Q+ Kc5 37. d7 Be3+ 38. Kh1 Bf4 39. d8=Q Rxh2+ 40. Kg1 Bg3 41. Qd5+ Kb4 42. Qeb5+ Ka3 43. Qdb3# 1-0


[Site "https://www.chess.com"]

[Event "Titled Tuesday Blitz February 22 Late 2022"]
[White "Budrewicz, Krzysztof"]
[Black "Toncheva, Nadya"]
[WhiteFideId "1127950"]
[BlackFideId "2924056"]
[WhiteElo "2248"]
[BlackElo "1920"]
[Result "1-0"]
[Round "10"]
[TimeControl "180+1"]
[Date "2022.02.23"]
[WhiteClock "0:02:04"]
[BlackClock "0:00:06"]

1. d4 Nf6 2. c4 e6 3. a3 c5 4. d5 exd5 5. cxd5 d6 6. Nc3 g6 7. g3 Bg7 8. Bg2 Na6 9. Nf3 Nc7 10. O-O O-O 11. e4 b5 12. Re1 Rb8 13. e5 dxe5 14. Nxe5 Rb6 15. Nc6 Qd7 16. Re7 Qxe7 17. Nxe7+ Kh8 18. Bf4 Na6 19. Nxc8 Rxc8 20. d6 Nd7 21. Nd5 Rbb8 22. Ne7 Re8 23. Bc6 Rbd8 24. Bxb5 Nab8 25. Qd2 Bd4 26. Re1 a6 27. Ba4 Kg7 28. Be3 Bf6 29. Qc2 Ne5 30. Bxe8 Nf3+ 31. Kf1 Nxe1 32. Kxe1 Rxe8 33. Qxc5 Nd7 34. Qc6 Ne5 35. Qxe8 Nd3+ 36. Ke2 Nxb2 37. Qg8# 1-0


[Site "https://www.chess.com"]

[Event "Titled Tuesday Blitz February 22 Late 2022"]
[White "Carbone, Diego"]
[Black "Lehtosaari, Mauri"]
[WhiteFideId "3002179"]
[BlackFideId "501999"]
[WhiteElo "2199"]
[BlackElo "2445"]
[Result "0-1"]
[Round "10"]
[TimeControl "180+1"]
[Date "2022.02.23"]
[WhiteClock "0:00:01"]
[BlackClock "0:00:21"]

1. d4 d5 2. c4 c6 3. Nf3 Nf6 4. e3 Bg4 5. Nc3 e6 6. h3 Bh5 7. g4 Bg6 8. Ne5 Nfd7 9. Nxg6 hxg6 10. Bd2 Nf6 11. Rc1 Nbd7 12. g5 Ng8 13. h4 Ne7 14. Qg4 Nf5 15. Bd3 a5 16. Ke2 Be7 17. cxd5 cxd5 18. Nb5 Rc8 19. Rxc8 Qxc8 20. Bxa5 b6 21. Bd2 Kf8 22. h5 gxh5 23. Rxh5 Rxh5 24. Qxh5 Kg8 25. g6 Qe8 26. Bxf5 exf5 27. Qxf5 Nf6 28. gxf7+ Kxf7 29. a4 Qc6 30. Nc3 g6 31. Qf3 Qe6 32. Kd1 Kg7 33. Kc1 Bb4 34. Qe2 Bxc3 35. Bxc3 Ne4 36. Bb4 Qc6+ 37. Kb1 Qxa4 38. Ba3 Qb3 39. Ka1 b5 40. Be7 Qa4+ 41. Kb1 Qb3 42. Ka1 b4 43. Qg4 Qa4+ 44. Kb1 b3 45. Ba3 Qc4 46. Qd1 Nxf2 47. Qc1 Qd3+ 48. Ka1 Ne4 49. Qc7+ Kh6 50. Bf8+ Kh5 51. Qe5+ Kg4 52. Qf4+ Kh3 53. Qf3+ Ng3 54. Bd6 Qa6+ 55. Kb1 Qf1+ 0-1


[Site "https://www.chess.com"]

[Event "Titled Tuesday Blitz February 22 Late 2022"]
[White "Cardoso Cardoso, Jose Gabriel"]
[Black "Domingo Nunez, Alejandro"]
[WhiteFideId "4430492"]
[BlackFideId "22245561"]
[WhiteElo "2451"]
[BlackElo "2215"]
[Result "1-0"]
[Round "10"]
[TimeControl "180+1"]
[Date "2022.02.22"]
[WhiteClock "0:01:06"]
[BlackClock "0:00:21"]

1. d4 g6 2. h4 Nf6 3. Nc3 d5 4. Bg5 Nbd7 5. e3 a6 6. h5 Nxh5 7. Nxd5 Ndf6 8. Bxf6 Nxf6 9. Nxf6+ exf6 10. Bd3 Bg7 11. Ne2 f5 12. c3 O-O 13. Nf4 c5 14. Qf3 cxd4 15. cxd4 Qa5+ 16. Kf1 Rd8 17. Bc4 Qc7 18. Bb3 Bd7 19. Qh3 Bb5+ 20. Kg1 Qb6 21. Qxh7+ Kf8 22. Rh3 a5 23. Rg3 Rd6 24. Nh5 Bxd4 25. Qxf7# 1-0


[Site "https://www.chess.com"]

[Event "Titled Tuesday Blitz February 22 Late 2022"]
[White "Chincholimath, Halsagar"]
[Black "Levine, David"]
[WhiteFideId "5022487"]
[BlackFideId "2011611"]
[WhiteElo "1737"]
[BlackElo "2159"]
[Result "1-0"]
[Round "10"]
[TimeControl "180+1"]
[Date "2022.02.23"]
[WhiteClock "0:02:39"]
[BlackClock "0:02:35"]

1. e4 e5 2. Nf3 Nc6 3. Nc3 Nf6 4. d4 exd4 5. Nxd4 Bb4 6. Nxc6 bxc6 7. Bd3 d5 8. Bd2 Bxc3 9. Bxc3 dxe4 10. Bxf6 Qxf6 11. Qe2 O-O 12. Qxe4 g5 13. Qxh7# 1-0


[Site "https://www.chess.com"]

[Event "Titled Tuesday Blitz February 22 Late 2022"]
[White "Csonka, Balazs"]
[Black "Chernomordik, Pavel"]
[WhiteFideId "742910"]
[BlackFideId "2804530"]
[WhiteElo "2648"]
[BlackElo "2442"]
[Result "1-0"]
[Round "10"]
[TimeControl "180+1"]
[Date "2022.02.23"]
[WhiteClock "0:00:04"]
[BlackClock "0:00:45"]

1. e4 g6 2. d4 Bg7 3. c4 Nc6 4. Be3 e5 5. Ne2 exd4 6. Nxd4 Qf6 7. Nb5 Qxb2 8. Nxc7+ Kd8 9. Nxa8 Qxa1 10. Be2 Qe5 11. O-O Qb8 12. Nb6 axb6 13. Bxb6+ Ke8 14. Na3 Be5 15. g3 Bc7 16. Bxc7 Qxc7 17. Nb5 Qd8 18. Qd6 Qe7 19. Qc7 Qd8 20. Nd6+ Kf8 21. Qxd8+ Nxd8 22. Nxc8 Ne7 23. Nd6 Nec6 24. Rb1 Ke7 25. Nxb7 Nxb7 26. Rxb7 Ra8 27. Rb2 Nd4 28. Bd1 Ra3 29. Kg2 Rc3 30. Bb3 Kd6 31. c5+ Kxc5 32. Bxf7 g5 33. h3 Nc6 34. Bd5 Ne5 35. Bb3 Nd3 36. Rd2 Ne1+ 37. Kf1 Nf3 38. Rc2 Rxc2 39. Bxc2 Kb4 40. Ke2 Ne5 41. f4 gxf4 42. gxf4 Ng6 43. Ke3 Kc3 44. Bb3 d6 45. Bf7 Ne7 46. f5 Nc6 47. Bd5 Ne5 48. f6 1-0


[Site "https://www.chess.com"]

[Event "Titled Tuesday Blitz February 22 Late 2022"]
[White "Deac, Bogdan-Daniel"]
[Black "Martinez Alcantara, Jose Eduardo"]
[WhiteFideId "1226380"]
[BlackFideId "3805662"]
[WhiteElo "2646"]
[BlackElo "2690"]
[Result "0-1"]
[Round "10"]
[TimeControl "180+1"]
[Date "2022.02.22"]
[WhiteClock "0:00:01"]
[BlackClock "0:00:05"]

1. d4 Nf6 2. c4 e6 3. Nc3 Bb4 4. a3 Bxc3+ 5. bxc3 c5 6. f3 d6 7. e4 Nc6 8. Be3 Qe7 9. Bd3 e5 10. Ne2 Bd7 11. O-O b6 12. Qe1 h6 13. Qf2 g5 14. Ng3 O-O-O 15. a4 Na5 16. Rfb1 Rhg8 17. Rb5 Bxb5 18. axb5 Nd7 19. Nf5 Qf6 20. Be2 Kc7 21. Rd1 Nb7 22. Bd2 Ra8 23. Ra1 a6 24. bxa6 Na5 25. Ne3 Qd8 26. Nd5+ Kb8 27. dxe5 Nxe5 28. Rb1 Rxa6 29. f4 gxf4 30. Bxf4 Nac6 31. Bxh6 Ne7 32. Bf4 N7c6 33. h3 Kb7 34. Bf1 f6 35. Kh1 Rf8 36. Bh6 Rf7 37. Be3 Ne7 38. Nf4 Qc8 39. Nd5 N7c6 40. Qb2 Qd8 41. Qc2 Rg7 42. Be2 Rf7 43. Bf1 Rh7 44. Be2 Rh8 45. Bf1 Ng4 46. Bg1 Nge5 47. Qf2 Rf8 48. Qf5 Ne7 49. Qe6 N7c6 50. Qf5 Qd7 51. Qf4 f5 52. exf5 Qxf5 53. Qc1 Rh8 54. Qd1 Ng4 0-1


[Site "https://www.chess.com"]

[Event "Titled Tuesday Blitz February 22 Late 2022"]
[White "Desideri, Ricardo Maruchi"]
[Black "Sarkar, Justin"]
[WhiteFideId "2110440"]
[BlackFideId "2010011"]
[WhiteElo "1945"]
[BlackElo "2038"]
[Result "0-1"]
[Round "10"]
[TimeControl "180+1"]
[Date "2022.02.23"]
[WhiteClock "0:00:02"]
[BlackClock "0:00:01"]

1. e4 c5 2. Nf3 Nc6 3. d4 cxd4 4. Nxd4 Nf6 5. Nc3 d6 6. f3 g6 7. Be3 Bg7 8. g4 h5 9. g5 Nd7 10. f4 Nc5 11. Qd2 h4 12. O-O-O Bg4 13. Re1 Ne6 14. Bb5 Rc8 15. f5 Nxd4 16. Bxd4 Bxd4 17. Qxd4 O-O 18. Bxc6 bxc6 19. fxg6 fxg6 20. Rhf1 e5 21. Qc4+ Kg7 22. Nd1 Qxg5+ 23. Kb1 Rxf1 24. Rxf1 Qe7 25. Ne3 Be6 26. Qe2 Rf8 27. Rg1 Rf4 28. Qd3 Qf7 29. Qxd6 Bxa2+ 30. Ka1 Be6 31. Qxe5+ Qf6 32. Qxf6+ Kxf6 33. Nd1 Rxe4 34. Nc3 Re3 35. Rf1+ Bf5 36. Na4 Re5 37. Nc3 Kg7 38. Kb1 Re3 39. Nd1 Rh3 40. Rf2 Bg4 41. Nc3 Re3 42. b3 Bf5 43. Kb2 Re1 44. Na4 Rh1 45. Nc5 Bg4 46. Ne4 g5 47. Nxg5 Kg6 48. Ne4 Bf5 49. Nc5 Re1 50. Nd3 Re3 51. Nb4 Rh3 52. Nxc6 Be4 53. Ne5+ Kg5 54. Nc4 Bd5 0-1


[Site "https://www.chess.com"]

[Event "Titled Tuesday Blitz February 22 Late 2022"]
[White "Dreev, Aleksey"]
[Black "Sarana, Alexey"]
[WhiteFideId "4100107"]
[BlackFideId "24133795"]
[WhiteElo "2636"]
[BlackElo "2665"]
[Result "1/2-1/2"]
[Round "10"]
[TimeControl "180+1"]
[Date "2022.02.22"]
[WhiteClock "0:00:03"]
[BlackClock "0:00:03"]

1. d4 Nf6 2. c4 e6 3. Nc3 Bb4 4. Qc2 d5 5. a3 Bxc3+ 6. Qxc3 O-O 7. Nf3 dxc4 8. Qxc4 b6 9. Bg5 Ba6 10. Qa4 Qd7 11. Qxd7 Nbxd7 12. Bxf6 Nxf6 13. e3 Bb7 14. Be2 Rac8 15. Rc1 c5 16. dxc5 Ne4 17. b4 bxc5 18. b5 Bd5 19. Ne5 Nd6 20. f3 Rc7 21. e4 Bb3 22. Kf2 c4 23. Bd1 Nxb5 24. a4 Nd4 25. Bxb3 Nxb3 26. Rxc4 Rxc4 27. Nxc4 Rc8 28. Rd1 g5 29. Ne5 Rc5 30. Ng4 Rc2+ 31. Kg3 Kg7 32. h4 gxh4+ 33. Kh3 Nd2 34. Ne3 Ra2 35. Kxh4 Nb3 36. Rd7 Rxa4 37. Ng4 Ra5 38. f4 Nc5 39. Rd4 f6 40. Rc4 Rb5 41. e5 fxe5 42. fxe5 a5 43. Nf6 a4 44. Ne8+ Kf8 45. Nc7 Rb7 46. Rxc5 a3 47. Nxe6+ Ke7 48. Nf4 Rb4 49. g3 Ra4 50. Rc1 Ra5 51. e6 a2 52. Ra1 Kf6 53. Kg4 Ra3 54. Kh3 Ke7 55. Kg2 h5 56. Kf2 Kf6 57. Nxh5+ Kxe6 58. Nf4+ Kf5 59. Ne2 Kg4 60. Kg2 Ra8 61. Kf2 Ra3 62. Ke1 Kf3 63. Kd2 Ra8 64. Kd1 Rd8+ 65. Ke1 Ra8 66. Kf1 Ra3 67. g4 Kxg4 68. Kf2 Kf5 69. Nd4+ Ke4 70. Nc2 Rh3 71. Rxa2 Rh2+ 72. Ke1 Rh1+ 73. Kd2 Rh2+ 74. Kc3 Rh3+ 75. Kc4 Rh8 76. Nb4 Rc8+ 77. Kb5 Rb8+ 78. Kc5 Rc8+ 79. Nc6 Rh8 80. Ra4+ Kd3 81. Ne5+ Ke3 82. Ng4+ Kd3 83. Nf6 Rc8+ 84. Kd5 Rd8+ 85. Ke5 Rb8 86. Ra3+ Ke2 87. Ne4 Re8+ 88. Kf5 Rf8+ 89. Nf6 Kd2 90. Ke5 Kc2 91. Rh3 Kd2 92. Nd5 Re8+ 93. Kd4 Ke2 94. Rh2+ Kf3 95. Rh7 Rd8 96. Rf7+ Ke2 97. Rf6 Re8 98. Rf7 Rd8 99. Ra7 Re8 100. Ra3 Kf2 101. Nf6 Rd8+ 102. Ke4 Rf8 103. Ng4+ Ke1 104. Ra2 Re8+ 105. Kf4 Kd1 106. Ne3+ Ke1 107. Rh2 Rf8+ 108. Ke5 Re8+ 109. Kd4 Rd8+ 110. Nd5 Kd1 111. Rg2 Ke1 112. Ke3 Kf1 113. Nf4 Re8+ 114. Kf3 Ke1 115. Rh2 Kd1 116. Nd3 Re3+ 117. Kxe3 1/2-1/2


[Site "https://www.chess.com"]

[Event "Titled Tuesday Blitz February 22 Late 2022"]
[White "Dubov, Daniil"]
[Black "Chigaev, Maksim"]
[WhiteFideId "24126055"]
[BlackFideId "4108116"]
[WhiteElo "2791"]
[BlackElo "2502"]
[Result "1-0"]
[Round "10"]
[TimeControl "180+1"]
[Date "2022.02.22"]
[WhiteClock "0:00:44"]
[BlackClock "0:00:09"]

1. d4 Nf6 2. Nf3 g6 3. c4 Bg7 4. Nc3 O-O 5. Bg5 d6 6. e3 c5 7. d5 Qb6 8. Rb1 Qa5 9. Bd3 a6 10. O-O b5 11. cxb5 axb5 12. Bxb5 Bf5 13. Rc1 Na6 14. Nd2 Nc7 15. Nc4 Qa7 16. Bc6 Rab8 17. e4 Bc8 18. Re1 Ba6 19. b3 Bxc4 20. bxc4 h6 21. Bh4 Rb2 22. e5 dxe5 23. Rxe5 Na6 24. Nb5 Qb6 25. Rxe7 Qa5 26. a3 Nb8 27. h3 Qd8 28. Re2 Rxe2 29. Qxe2 g5 30. Bg3 Nbd7 31. Nd6 1-0


[Site "https://www.chess.com"]

[Event "Titled Tuesday Blitz February 22 Late 2022"]
[White "Estrada Nieto, Julian"]
[Black "Cunha, Lucas Aguiar"]
[WhiteFideId "5101018"]
[BlackFideId "2125404"]
[WhiteElo "2246"]
[BlackElo "2361"]
[Result "1-0"]
[Round "10"]
[TimeControl "180+1"]
[Date "2022.02.23"]
[WhiteClock "0:01:32"]
[BlackClock "0:01:52"]

1. e4 c5 2. Nf3 e6 3. c3 d5 4. exd5 Qxd5 5. d4 Nf6 6. Na3 Nc6 7. Be3 cxd4 8. Nb5 Qd8 9. Nbxd4 Nxd4 10. Bxd4 Be7 11. Bd3 O-O 12. O-O b6 13. Qe2 Bb7 14. Rad1 Qc7 15. Ne5 Rad8 16. Rfe1 Rd6 17. h3 Rfd8 18. Bc2 Bf8 19. Ng4 Nxg4 20. Qxg4 Qc6 21. Be4 Qc8 22. Bxb7 Qxb7 23. Be5 Rxd1 24. Rxd1 Rxd1+ 25. Qxd1 f6 26. Bd4 Qd5 27. Qe2 Qxa2 28. c4 Bd6 29. Qxe6+ 1-0


[Site "https://www.chess.com"]

[Event "Titled Tuesday Blitz February 22 Late 2022"]
[White "Farmani Anosheh, Armin"]
[Black "Kujawski, Adam"]
[WhiteFideId "24613240"]
[BlackFideId "1100920"]
[WhiteElo "2289"]
[BlackElo "2053"]
[Result "0-1"]
[Round "10"]
[TimeControl "180+1"]
[Date "2022.02.23"]
[WhiteClock "0:00:07"]
[BlackClock "0:00:22"]

1. d4 Nf6 2. c4 e6 3. Nf3 c5 4. d5 exd5 5. cxd5 d6 6. Nc3 g6 7. Bf4 a6 8. a4 Bg7 9. e3 O-O 10. Be2 Qe7 11. Nd2 Nbd7 12. O-O Ne8 13. Nc4 Rb8 14. a5 Ne5 15. Nb6 Nc7 16. Bg3 f5 17. Ra4 Bd7 18. Nxd7 Qxd7 19. f4 Nf7 20. e4 Nb5 21. exf5 gxf5 22. Nxb5 axb5 23. Ra2 Rfe8 24. Bf2 Re4 25. g3 Bd4 26. Bd3 Bxf2+ 27. Rxf2 Rd4 28. Qc2 Nh6 29. Rd2 Re8 30. Bf1 Rxd2 31. Qxd2 Qe7 32. Ra3 b4 33. Rf3 Ng4 34. h3 Nf6 35. Bc4 Ne4 36. Qd3 Qf6 37. Re3 Qxb2 38. g4 Qf2+ 39. Kh1 Ng3+ 40. Rxg3 Re1+ 41. Qf1 Rxf1+ 42. Bxf1 Qxg3 43. gxf5 Qxf4 44. Bb5 0-1


[Site "https://www.chess.com"]

[Event "Titled Tuesday Blitz February 22 Late 2022"]
[White "Fiorito, Fabian"]
[Black "Clawitter, Craig"]
[WhiteFideId "100200"]
[BlackFideId "2023105"]
[WhiteElo "2395"]
[BlackElo "2212"]
[Result "1-0"]
[Round "10"]
[TimeControl "180+1"]
[Date "2022.02.23"]
[WhiteClock "0:01:45"]
[BlackClock "0:00:03"]

1. d4 e6 2. Nc3 d5 3. Bf4 Nf6 4. Nb5 Na6 5. e3 c6 6. Nc3 Bd6 7. Bxd6 Qxd6 8. Bxa6 bxa6 9. Na4 O-O 10. Nf3 Ne4 11. O-O c5 12. c4 cxd4 13. Qxd4 Bb7 14. Rfd1 Qc6 15. c5 f6 16. Rac1 Rab8 17. Nc3 Nxc3 18. Qxc3 e5 19. b4 Rfc8 20. Qb3 a5 21. b5 Qe6 22. a4 Rc7 23. Qc3 Rbc8 24. c6 Bxc6 25. bxc6 Rxc6 26. Qd2 Rc4 27. Rxc4 Rxc4 28. Qxa5 d4 29. exd4 e4 30. d5 Qc8 31. Ne1 Rc1 32. Rxc1 Qxc1 33. d6 Qc6 34. Qb4 Kf7 35. h3 Ke6 36. Qd4 Qxd6 37. Qxd6+ Kxd6 38. Kf1 Kc5 39. Nc2 Kc4 40. a5 Kb5 41. Ke2 Kxa5 42. Ke3 1-0


[Site "https://www.chess.com"]

[Event "Titled Tuesday Blitz February 22 Late 2022"]
[White "Garagulya, Konstantin"]
[Black "Aradhya, Garg"]
[WhiteFideId "4128931"]
[BlackFideId "25006746"]
[WhiteElo "2514"]
[BlackElo "2681"]
[Result "0-1"]
[Round "10"]
[TimeControl "180+1"]
[Date "2022.02.23"]
[WhiteClock "0:00:01"]
[BlackClock "0:00:19"]

1. d4 d5 2. Nf3 Nf6 3. c4 c6 4. Qc2 g6 5. Bf4 Bg7 6. Nbd2 O-O 7. e3 c5 8. dxc5 Na6 9. a3 Bf5 10. Bd3 Bxd3 11. Qxd3 Nxc5 12. Qc2 dxc4 13. O-O b5 14. a4 a6 15. Rfd1 Qb6 16. Be5 Rad8 17. Bd4 Qc7 18. axb5 axb5 19. b3 Ne6 20. bxc4 Nxd4 21. Nxd4 bxc4 22. Qxc4 Qxc4 23. Nxc4 Nd5 24. Nc6 Rc8 25. Ra6 e6 26. e4 Nc3 27. Re1 Rc7 28. g3 Rfc8 29. N4a5 Nb5 30. Kg2 Nd4 31. Nxd4 Bxd4 32. Rd1 Be5 33. Rd2 Rc2 34. Rxc2 Rxc2 35. Nc6 Bc3 36. Kg1 Be1 37. f4 Bf2+ 38. Kf1 Bc5 39. h4 Rf2+ 40. Ke1 Rf3 41. e5 Rxg3 42. Ra8+ Kg7 43. Rc8 Rd3 44. Ke2 Rd7 45. Na5 Be7 46. h5 gxh5 47. Nc4 Rd5 48. Ne3 Rc5 49. Rb8 Ra5 50. Rb7 Bc5 51. Ng2 Ra2+ 52. Kf3 Ra3+ 53. Ke4 Rg3 0-1


[Site "https://www.chess.com"]

[Event "Titled Tuesday Blitz February 22 Late 2022"]
[White "Gerbelli Neto, Eduardo"]
[Black "Novikova, Galina"]
[WhiteFideId "2103281"]
[BlackFideId "4157095"]
[WhiteElo "2178"]
[BlackElo "1863"]
[Result "0-1"]
[Round "10"]
[TimeControl "180+1"]
[Date "2022.02.23"]
[WhiteClock "0:01:42"]
[BlackClock "0:02:13"]

1. e4 e6 2. d4 d5 3. Nc3 Bb4 4. Qd3 Nf6 5. e5 Nfd7 6. Qg3 Kf8 7. Bg5 Be7 8. h4 h6 9. Be3 c6 10. h5 b5 11. f4 b4 12. Nce2 Qa5 13. b3 c5 14. Nf3 Nc6 15. Qf2 Ba6 16. g4 cxd4 17. Nfxd4 Nxd4 18. Nxd4 Bxf1 19. Kxf1 Nc5 20. f5 Ne4 21. Qf3 Kg8 22. fxe6 fxe6 23. Nxe6 Qa6+ 24. Kg2 Qxe6 25. Rhf1 Rf8 26. Qe2 Kh7 0-1


[Site "https://www.chess.com"]

[Event "Titled Tuesday Blitz February 22 Late 2022"]
[White "Gracia Alvarez, Gerardo Antonio"]
[Black "Araujo Filho, Luiz Antonio Coel"]
[WhiteFideId "5109124"]
[BlackFideId "2130661"]
[WhiteElo "2139"]
[BlackElo "2230"]
[Result "1-0"]
[Round "10"]
[TimeControl "180+1"]
[Date "2022.02.23"]
[WhiteClock "0:00:54"]
[BlackClock "0:00:13"]

1. c4 f5 2. Nc3 Nf6 3. g3 g6 4. Bg2 Bg7 5. d3 O-O 6. e4 d6 7. Nge2 c6 8. O-O e5 9. f4 Qe7 10. h3 Na6 11. Be3 Nc7 12. Kh2 Ne6 13. Qd2 Nh5 14. Rae1 Nd4 15. Bg1 fxe4 16. Nxd4 exd4 17. Nxe4 Qc7 18. Qb4 c5 19. Qb3 Kh8 20. Ng5 h6 21. Ne6 Bxe6 22. Rxe6 Kh7 23. Rfe1 Rf7 24. Be4 Nf6 25. Bf3 Rb8 26. R1e2 a6 27. a4 Qd7 28. Bf2 b5 29. Be1 h5 30. g4 hxg4 31. hxg4 bxa4 32. Qxb8 1-0


[Site "https://www.chess.com"]

[Event "Titled Tuesday Blitz February 22 Late 2022"]
[White "Guliyev, Namig"]
[Black "Virtanen, Teemu"]
[WhiteFideId "13400363"]
[BlackFideId "509850"]
[WhiteElo "2487"]
[BlackElo "1926"]
[Result "0-1"]
[Round "10"]
[TimeControl "180+1"]
[Date "2022.02.22"]
[WhiteClock "0:00:57"]
[BlackClock "0:00:06"]

1. e4 d6 2. d4 Nf6 3. Nc3 e5 4. Nf3 Nbd7 5. Bc4 Be7 6. O-O O-O 7. Re1 c6 8. a4 b6 9. b3 a6 10. d5 c5 11. Nd2 Ne8 12. Nf1 Nc7 13. Ng3 g6 14. Bh6 Re8 15. Qd2 Bf8 16. Bxf8 Nxf8 17. Rf1 Rb8 18. h3 Qh4 19. Kh2 b5 20. axb5 axb5 21. Bd3 Rb7 22. f4 exf4 23. Rxf4 Qh6 24. Raf1 Re7 25. Qf2 Qg7 26. Nce2 Nd7 27. Ng1 Ne5 28. Nf3 Ne8 29. Nxe5 Qxe5 30. Kh1 f6 31. Ne2 Bd7 32. g4 Rc7 33. c4 bxc4 34. Bxc4 Ra7 35. Ng1 Ra1 36. Rxa1 Qxa1 37. Kg2 Qe5 38. Qe3 Kg7 39. Nf3 Qb2+ 40. Qd2 Qa1 41. g5 fxg5 42. Nxg5 Nf6 43. Qf2 Qe5 44. h4 h6 45. Nh3 Nxe4 46. Qf3 Nd2 47. Qg3 Bxh3+ 48. Kxh3 Nxc4 49. bxc4 Qe3 50. Rg4 Qxg3+ 51. Kxg3 Kf6 52. Rf4+ Kg7 53. Kg4 Re3 54. h5 Re5 55. hxg6 Kxg6 56. Kh4 Re3 57. Rf8 Re4+ 58. Kg3 Rxc4 59. Rd8 Kf5 60. Rxd6 h5 61. Rd8 Rd4 62. Kf3 Rd3+ 63. Ke2 Rd4 64. d6 Ke6 65. Rh8 Rd5 66. Rh6+ Kd7 67. Ke3 Rxd6 68. Rxh5 Kc6 69. Rh8 Kb5 70. Ke2 Kb4 71. Rh1 c4 72. Rb1+ Kc3 73. Rb8 Kc2 74. Rb4 Re6+ 75. Kf2 c3 76. Rb8 Kc1 77. Rb7 c2 78. Rb8 Re5 79. Rb7 Kd2 80. Rd7+ Kc3 81. Rc7+ Kd3 82. Rc8 Rd5 83. Kf3 Kd2 84. Ke4 Rd7 85. Ke5 c1=Q 86. Ke6 Qxc8 87. Ke5 Qc4 88. Kf5 Rd5+ 89. Ke6 Qc6+ 90. Ke7 Rd7+ 91. Ke8 Qc8# 0-1


[Site "https://www.chess.com"]

[Event "Titled Tuesday Blitz February 22 Late 2022"]
[White "Gupta, Abhijeet"]
[Black "Jones, Gawain C B"]
[WhiteFideId "5010608"]
[BlackFideId "409561"]
[WhiteElo "2549"]
[BlackElo "2657"]
[Result "0-1"]
[Round "10"]
[TimeControl "180+1"]
[Date "2022.02.22"]
[WhiteClock "0:00:01"]
[BlackClock "0:00:03"]

1. d4 Nf6 2. c4 g6 3. Nc3 Bg7 4. e4 d6 5. f3 O-O 6. Nge2 a6 7. Be3 Nbd7 8. Qd2 b5 9. Bh6 e5 10. O-O-O Re8 11. Bxg7 Kxg7 12. h4 h5 13. Nd5 c6 14. Ne3 Qe7 15. g4 Nb6 16. Ng3 hxg4 17. h5 exd4 18. Nxg4 Bxg4 19. hxg6 Rh8 20. fxg4 fxg6 21. Rxh8 Rxh8 22. g5 Nfd7 23. Qxd4+ Qe5 24. Qxd6 bxc4 25. Kb1 Rh2 26. Ne2 Qxe4+ 27. Ka1 Rxe2 28. Bxe2 Qxe2 29. Rh1 Qe5 30. Qxc6 Qxg5 31. a4 Qf6 32. Qc7 Qf7 33. a5 Nd5 34. Qxc4 N7f6 35. Qd4 Qc7 36. Qd2 Qf4 37. Qc2 Qf5 38. Qd2 Ne7 0-1


[Site "https://www.chess.com"]

[Event "Titled Tuesday Blitz February 22 Late 2022"]
[White "Hess, Robert"]
[Black "Goltseva, Ekaterina"]
[WhiteFideId "2022036"]
[BlackFideId "24173770"]
[WhiteElo "2557"]
[BlackElo "2140"]
[Result "1-0"]
[Round "10"]
[TimeControl "180+1"]
[Date "2022.02.22"]
[WhiteClock "0:00:43"]
[BlackClock "0:01:38"]

1. b3 e5 2. Bb2 Nc6 3. e3 Nf6 4. d3 d5 5. Nd2 Bb4 6. a3 Bd6 7. h3 O-O 8. Ne2 Be6 9. g4 Nd7 10. Ng3 Ne7 11. Bg2 c6 12. e4 Ng6 13. Nf5 Qc7 14. g5 Nf4 15. Qg4 g6 16. Nh6+ Kg7 17. Qxf4 f6 18. Qg3 fxg5 19. Qxg5 d4 20. Ng4 Rf4 21. Nf3 c5 22. Bc1 Raf8 23. Qh6+ Kg8 24. Ng5 R4f7 25. Nxe6 Qa5+ 26. Bd2 Qb6 27. Nxf8 Nxf8 28. Qh4 Ne6 29. Nh6+ Kg7 30. Nxf7 Kxf7 31. Qxh7+ Ng7 32. h4 c4 33. h5 c3 34. Qxg6+ Kf8 35. Bh6 Be7 36. Bxg7+ Kg8 37. Qxb6 axb6 38. h6 Kh7 39. Bh3 Bg5 40. Bf5+ Kg8 41. Bxe5 Kf7 42. h7 Bd2+ 43. Ke2 1-0


[Site "https://www.chess.com"]

[Event "Titled Tuesday Blitz February 22 Late 2022"]
[White "Hoffmann, Asa"]
[Black "Tan, Jun Ying"]
[WhiteFideId "2001470"]
[BlackFideId "5710413"]
[WhiteElo "2117"]
[BlackElo "1827"]
[Result "0-1"]
[Round "10"]
[TimeControl "180+1"]
[Date "2022.02.23"]
[WhiteClock "0:00:16"]
[BlackClock "0:00:23"]

1. d4 Nf6 2. Bg5 c5 3. d5 Ne4 4. Bc1 e5 5. g3 Nd6 6. Nc3 f5 7. f4 e4 8. e3 Be7 9. Bg2 b5 10. Nh3 b4 11. Ne2 O-O 12. Nf2 Ba6 13. Bf1 Bb5 14. c3 a5 15. Bd2 Na6 16. a3 bxa3 17. bxa3 Bf6 18. Nc1 Bxf1 19. Kxf1 c4 20. Kg2 Nc5 21. Ne2 a4 22. Nd4 Bxd4 23. cxd4 Nb3 24. Bb4 Nb5 25. h3 d6 26. g4 g6 27. h4 Qf6 28. g5 Qf7 29. h5 Qxd5 30. hxg6 hxg6 31. Rh6 Kg7 32. Nh1 Nxa1 33. Qxa1 Rh8 34. Ng3 Rxh6 35. gxh6+ Kxh6 36. Qh1+ Kg7 37. Qh4 Rh8 38. Qg5 Qe6 39. d5 Qxd5 40. Ba5 c3 41. Bd8 Qf7 0-1


[Site "https://www.chess.com"]

[Event "Titled Tuesday Blitz February 22 Late 2022"]
[White "Horak, Martin"]
[Black "Borisova, Ekaterina"]
[WhiteFideId "367095"]
[BlackFideId "34124184"]
[WhiteElo "1997"]
[BlackElo "2034"]
[Result "0-1"]
[Round "10"]
[TimeControl "180+1"]
[Date "2022.02.23"]
[WhiteClock "0:00:13"]
[BlackClock "0:00:26"]

1. d4 Nf6 2. c4 e6 3. g3 d5 4. Bg2 Be7 5. Nf3 O-O 6. O-O dxc4 7. Qc2 Bd7 8. Qxc4 a6 9. a4 Bc6 10. Bg5 Bd5 11. Qc2 Be4 12. Qc1 Nbd7 13. Nc3 Bg6 14. Rd1 h6 15. Bxf6 Nxf6 16. Ne5 Bh5 17. Bxb7 Nd5 18. Nxd5 exd5 19. Bxa8 Qxa8 20. g4 Bg6 21. Qc6 Qc8 22. Qd7 Qxd7 23. Nxd7 Re8 24. Ne5 Be4 25. f3 Bh7 26. e3 Bd6 27. Kf2 f6 28. Nd3 a5 29. Rac1 Rb8 30. Rc2 Rb3 31. Rc3 Rb6 32. b3 Kf7 33. h4 Ke7 34. h5 Kd8 35. Rdc1 Ba3 36. R1c2 Bd6 37. Rc1 Ba3 38. Rg1 Bd6 39. Nf4 Bg8 40. Ng6 Bf7 41. f4 Bb4 42. Rd3 Rc6 43. Kf3 Rc2 44. g5 Be6 45. gxf6 gxf6 46. Nh4 Bh3 47. Rg3 Bf1 48. Rd1 Be2+ 0-1


[Site "https://www.chess.com"]